 Dungeon Crawl Stone Soup version 0.29.1-15-g9cfb28693d (webtiles) character file.

Game seed: 14791024269065503022

181111 croobank the Unforgettable (level 18, -3/127 HPs)
             Began as a Gnoll Summoner on Apr 30, 2023.
             Was the Champion of Hepliaklqana.
             Slain by a +2 glaive of freezing (8 damage)
             ... on level 2 of the Elven Halls.
             The game lasted 03:16:10 (35362 turns).

croobank the Unforgettable (Gnoll Summoner)        Turns: 35362, Time: 03:16:10

Health: -3/127     AC: 18    Str:  7    XL:     18   Next: 29%
Magic:  5/35       EV: 16    Int: 27    God:    Hepliaklqana [******]
Gold:   2204       SH:  7    Dex: 12    Spells: 3/44 levels left

rFire   + + .      SeeInvis +   x - +8 spear "Wokk" {vorpal, rElec Int+3}
rCold   . . .      Faith    .   O - +0 buckler {AC+3}
rNeg    . . .      Spirit   .   Z - +3 troll leather armour of Space {rPois rF+ Regen+}
rPois   +          Reflect  .   l - +0 hat
rElec   +          Harm     .   v - +0 cloak
rCorr   .          Rampage  .   U - +0 pair of gloves
Will    ++...                   V - +1 pair of boots
Stlth   +++++.....              q - amulet of magic regeneration
HPRegen 1.11/turn               B - ring "Kajid" {Wiz Will+}
MPRegen 0.64/turn               i - ring of see invisible

@: forested, invisible
A: reduced essence, fangs 1, strong nose, distributed training, antennae 1, fire
resistance 1, MP-powered wands
a: Renounce Religion, Recall Ancestor, Ancestor Identity, Transference, Idealise


You were on level 2 of the Elven Halls.
You worshipped Hepliaklqana.
Hepliaklqana was exalted by your worship.
You visited 5 branches of the dungeon, and saw 28 of its levels.
You also visited: Sewer and Gauntlet.

You collected 3216 gold pieces.
You spent 1012 gold pieces at shops.

Inventory:

Hand Weapons
 a - a +5 dagger of speed
 b - a +2 demon trident of venom
 x - the +8 spear "Wokk" (weapon) {vorpal, rElec Int+3}
   (You found it on level 1 of the Orcish Mines)

   It inflicts extra damage upon your enemies.
   Int:       It affects your intelligence (+3).
   rElec:     It insulates you from electricity.
 E - the +8 short sword of Elollomn {vorpal, Will+ Stlth+}
   (You found it in a Gauntlet)

   It inflicts extra damage upon your enemies.
   Will:      It increases your willpower.
   Stlth:     It makes you more stealthy.
 G - the +11 hand axe of Ruination {spect, Int+2 Dex+3 Stlth+}
   (You took it off a minotaur in a Gauntlet)

   When its wielder attacks, the weapon's spirit leaps out and strikes again.
   The spirit shares a part of any damage it takes with its wielder.
   Int:       It affects your intelligence (+2).
   Dex:       It affects your dexterity (+3).
   Stlth:     It makes you more stealthy.
Missiles
 D - 5 curare-tipped darts
 I - 5 javelins
 N - 2 throwing nets
Armour
 l - a +0 hat (worn)
 v - a +0 cloak (worn)
 O - a +0 buckler of protection (worn)
 U - a +0 pair of gloves (worn)
 V - a +1 pair of boots (worn)
 Y - +0 acid dragon scales
 Z - the +3 troll leather armour of Space (worn) {rPois rF+ Regen+}
   (You bought it in a shop on level 2 of the Orcish Mines)

   rF:        It protects you from fire.
   rPois:     It protects you from poison.
   Regen:     It increases your rate of health regeneration.
Jewellery
 d - a ring of willpower
 i - a ring of see invisible (right hand)
 k - a +6 ring of intelligence
 n - a ring of ice
 q - an amulet of magic regeneration (around neck)
 B - the ring "Kajid" (left hand) {Wiz Will+}
   (You took it off a minotaur in a Gauntlet)

   [ring of wizardry]

   It improves your spell success rate.
   Will:      It increases your willpower.
 L - a +4 ring of slaying
 M - a ring of protection from cold
 R - a ring of flight
 T - an amulet of reflection
Wands
 u - a wand of flame (48)
 y - a wand of roots (30)
 J - a wand of acid (9)
 K - a wand of charming (16)
Scrolls
 j - 4 scrolls of magic mapping
 m - 2 scrolls of blinking
 r - 7 scrolls of vulnerability
 w - 4 scrolls of fear
 A - 6 scrolls of teleportation
 F - 2 scrolls of silence
 P - a scroll of torment
 S - 6 scrolls of identify
 W - 4 scrolls of poison
Potions
 c - 6 potions of heal wounds
 e - 4 potions of resistance
 f - 17 potions of curing
 g - 4 potions of brilliance
 o - 3 potions of ambrosia
 p - 12 potions of attraction
 s - 3 potions of haste
 t - 5 potions of lignification
 z - 2 potions of invisibility
 C - 2 potions of might
 H - 2 potions of cancellation {unknown}
 Q - 9 potions of mutation
 X - 3 potions of berserk rage
Miscellaneous
 h - a phantom mirror


   Skills:
 + Level 12.7 Fighting
 + Level 12.7 Short Blades
 + Level 12.7 Long Blades
 + Level 12.7 Axes
 + Level 12.7 Maces & Flails
 + Level 12.7 Polearms
 + Level 12.7 Staves
 + Level 12.7 Ranged Weapons
 + Level 12.7 Throwing
 + Level 12.7 Armour
 + Level 13.4 Dodging
 + Level 13.3 Stealth
 + Level 12.7 Shields
 + Level 12.7 Unarmed Combat
 + Level 13.6 Spellcasting
 + Level 10.7 Conjurations
 + Level 10.7 Hexes
 + Level 12.8 Summonings
 + Level 10.7 Necromancy
 + Level 10.7 Translocations
 + Level 10.7 Transmutations
 + Level 10.7 Fire Magic
 + Level 10.7 Ice Magic
 + Level 10.7 Air Magic
 + Level 10.7 Earth Magic
 + Level 10.7 Poison Magic
 + Level 13.8 Invocations
 + Level 12.7 Evocations


You had 3 spell levels left.
You knew the following spells:

 Your Spells              Type           Power      Damage    Failure   Level
a - Summon Small Mammal   Summ           100%       N/A       1%          1
b - Call Imp              Summ           73%        N/A       1%          2
c - Call Canine Familiar  Summ           73%        N/A       1%          3
d - Summon Guardian Gole  Hex/Summ       70%        N/A       1%          3
e - Summon Lightning Spi  Summ/Air       70%        N/A       1%          4
f - Borgnjor's Vile Clut  Necr/Erth      33%        N/A       1%          5
g - Summon Forest         Summ/Tloc      35%        N/A       1%          5
h - Monstrous Menagerie   Summ           36%        N/A       9%          7
i - Summon Cactus Giant   Summ           36%        N/A       1%          6
j - Summon Mana Viper     Hex/Summ       70%        N/A       1%          5

Your spell library contained the following spells:

 Spells                   Type           Power      Damage    Failure   Level
 Freeze                   Ice            100%       1d11      1%          1
 Magic Dart               Conj           100%       1d8       1%          1
 Sandblast                Erth           100%       2d20      1%          1
 Slow                     Hex            100%       N/A       1%          1
 Ensorcelled Hibernation  Hex/Ice        100%       N/A       1%          2
 Passwall                 Tmut/Erth      55%        N/A       1%          2
 Poisonous Vapours        Pois/Air       100%       N/A       1%          2
 Scorch                   Fire           100%       2d10      1%          2
 Confusing Touch          Hex            67%        N/A       1%          3
 Dazzling Flash           Conj/Hex       100%       N/A       1%          3
 Frozen Ramparts          Ice            100%       1d16      1%          3
 Ignite Poison            Fire/Tmut/Pois 67%        N/A       1%          3
 Mephitic Cloud           Conj/Pois/Air  67%        N/A       1%          3
 Portal Projectile        Hex/Tloc       100%       N/A       1%          3
 Spider Form              Tmut/Pois      67%        N/A       1%          3
 Stone Arrow              Conj/Erth      100%       3d13      1%          3
 Vampiric Draining        Necr           67%        2d10      1%          3
 Anguish                  Hex/Necr       33%        N/A       1%          4
 Animate Armour           Summ/Erth      100%       N/A       1%          4
 Animate Dead             Necr           67%        N/A       1%          4
 Flame Wave               Conj/Fire      67%        2d15      1%          4
 Fulminant Prism          Conj/Hex       33%        3d16      1%          4
 Hailstorm                Conj/Ice       67%        3d14      1%          4
 Ice Form                 Ice/Tmut       67%        N/A       1%          4
 Iskenderun's Mystic Bla  Conj/Tloc      67%        2d14      1%          4
 Leda's Liquefaction      Hex/Erth       33%        N/A       1%          4
 Petrify                  Tmut/Erth      67%        N/A       1%          4
 Summon Ice Beast         Ice/Summ       70%        N/A       1%          4
 Fireball                 Conj/Fire      33%        3d14      1%          5
 Freezing Cloud           Conj/Ice/Air   33%        6-21      1%          5
 Iskenderun's Battlesphe  Conj           67%        2d12      1%          5
 Lee's Rapid Deconstruct  Erth           33%        3d18*     1%          5
 Metabolic Englaciation   Hex/Ice        33%        N/A       1%          5
 Conjure Ball Lightning   Conj/Air       33%        3x3d11    3%          6
 Death Channel            Necr           33%        N/A       3%          6
 Simulacrum               Ice/Necr       33%        N/A       3%          6
 Statue Form              Tmut/Erth      44%        N/A       3%          6
 Orb of Destruction       Conj           33%        9d10      19%         7
 Chain Lightning          Conj/Air       33%        3d44      100%        9


Dungeon Overview and Level Annotations

Branches:
Dungeon (15/15)            Temple (0/1) D:7            Lair (5/5) D:10
  Swamp (0/4) Lair:3       Spider (4/4) Lair:2        Slime (0/5) Lair:4
    Orc (2/2) D:10            Elf (2/3) Orc:2        Vaults (0/5) D:14
 Depths (0/4) D:15          Sewer (visited)         Gauntlet (visited)

Altars:
Dithmenos
Hepliaklqana
Kikubaaqudgha
Trog
Uskayaw
Vehumet
Jiyva

Shops:
D:3 =   D:4 [   D:8 [   Orc:2 [**((

Portals:
Trove: D:11 (give 6 scrolls of fear)

Annotations:
Spider:2 exclusion: downstairs
Spider:4 1 transporter, exclusion: orange crystal statue
Orc:1 3 runed translucent doors, wingedge's ghost, journeyman DgWn


Innate Abilities, Weirdness & Mutations

Your life essence is reduced to manifest your ancestor. (-10% HP)
You have very sharp teeth.
Your uncanny sense of smell can sniff out nearby items.
Your experience applies equally to all skills.
You have a pair of small antennae on your head.
Your flesh is heat resistant. (rF+)
You expend magic power (3 MP) to strengthen your wands.


Message History

The +3 lajatang of flaming attacks as you move away!
The +3 lajatang of flaming completely misses you.
The deep elf blademaster is struck by your cactus giant's spines.
The deep elf blademaster hits your cactus giant with a +0 rapier!!
The deep elf blademaster hits your cactus giant with a +0 rapier!
Your mana viper misses the +3 lajatang of flaming.
The +3 lajatang of flaming hits your cactus giant!!
The +3 lajatang of flaming burns your cactus giant.
The deep elf blademaster is struck by your cactus giant's spines.
The deep elf blademaster hits your cactus giant with a +0 rapier!!
The deep elf blademaster hits your cactus giant with a +0 rapier!
Okay, then.
Unknown command.
You fade into invisibility!
The +4 long sword of holy wrath is struck by your cactus giant's spines.
The +4 long sword of holy wrath hits your cactus giant!!
Your cactus giant is destroyed!
Your cactus giant disappears in a puff of smoke!
Your mana viper completely misses the +3 lajatang of flaming.
The +4 long sword of holy wrath closely misses your mana viper.
The +3 lajatang of flaming barely misses you.
Your mana viper bites the +3 lajatang of flaming!
The +4 long sword of holy wrath hits your mana viper!
The +3 lajatang of flaming hits your mana viper!!
The +3 lajatang of flaming burns your mana viper!
Your mana viper dies!
Your mana viper disappears in a puff of smoke!
Casting: Summon Forest (mildly dangerous; 1% risk of failure)
Press: ? - help, Q - select action, (/) - cycle Dir - look around, f - activate
Okay, then.
Casting: Summon Forest (mildly dangerous; 1% risk of failure)
Press: ? - help, Q - select action, (/) - cycle Dir - look around, f - activate A forested plane collides here with a resounding crunch!
Your dryad calls out to the forest.
The forest starts to sway and rumble!
You block the +3 lajatang of flaming's attack.
The +2 glaive of freezing hits you from afar!
* * * LOW HITPOINT WARNING * * *
The +2 glaive of freezing freezes you!
You die...

####....##.##.#####..#...
#######....#.##.#####.#.###
##..⌠.).......##..<....#..#.
##....)).)#######.#######.#.#
##.........# #.# #.###
##..........# #.# ##.###
##..........⌠# #.######..|..
#............#♣#♣###.♣....#.....
#.⌠.......(..#.@((..............
#......e..(e##..e(..##.##.......
##.......((X###R...<.##.##.#.....
##.....e...## ♣.♣#♣###.....#..)..
♣♣....(⌠.H## ♣.# #..####...).
)(.......## #.######.........##
♣''####### ♣♣##...#)#####<..##
.))# #.....# ##.)#..# )....#
#..)<.###.##..#.


You could see a deep elf blademaster (wandering, unable to see you), 3 dancing
weapons and a friendly dryad (summoned).

Vanquished Creatures
  A minotaur (Gauntlet)
  A deep elf death mage (Elf:2)
  A radroach (Spider:2)
  A jorogumo (Spider:2)
  An ogre mage (Orc:1)
  2 dancing weapons (Elf:2)
  7 deep elf knights
  A sun demon (D:10)
  An orb spider (Spider:2)
  A deep elf archer (Elf:2)
  6 deep elf zephyrmancers
  A deep elf pyromancer (Elf:1)
  3 wolf spiders (Spider:3)
  3 elephants (Lair:2)
  A moth of wrath (shapeshifter) (Elf:2)
  3 black mambas
  A demonic crawler (Spider:2)
  A kobold demonologist (D:12)
  2 cane toads
  A minotaur zombie (Gauntlet)
  A komodo dragon (Lair:5)
  2 nameless horrors
  A red devil (D:10)
  2 tarantellas (Spider:2)
  8 blink frogs
  9 jumping spiders
  6 flying skulls (Gauntlet)
  5 culicivoras
  18 yaks
  2 water elementals
  A fire elemental (Elf:2)
  3 redbacks
  2 vampire mosquitoes (D:12)
  10 orc warriors
  6 wolves
  2 ogres (D:12)
  2 centaurs (D:14)
  4 bullfrogs
  2 earth elementals (Elf:2)
  A howler monkey (D:8)
  2 electric eels
  3 orc priests
  Terence (D:2)
  2 orc wizards
  2 adders (D:3)
  A white imp (D:7)
  28 orcs
  2 ball pythons
  2 bats
  A bat zombie (Sewer)
  An endoplasm (D:1)
  3 giant cockroaches
  3 goblins
  2 hobgoblins
  A quokka (D:1)
  4 kobolds
  4 rats
188 creatures vanquished.

Vanquished Creatures (collateral kills)
  Mara (Spider:3)
  Arachne (Spider:2)
  Rupert (Lair:4)
  An orc warlord (Orc:2)
  A frost giant (Orc:1)
  Louise (Spider:2)
  3 emperor scorpions
  An ironbound preserver (D:14)
  A broodmother (Spider:2)
  A quicksilver ooze (Gauntlet)
  A stone giant (D:15)
  2 dire elephants
  2 deep elf demonologists (Elf:1)
  3 spark wasps
  3 entropy weavers
  The ghost of Mickster the Severer, a journeyman HOBe of Trog (D:13)
  3 ettins (Orc:1)
  A deep elf high priest (Elf:1)
  6 hydras
  2 ogre magi (D:15)
  12 two-headed ogres
  A boulder beetle (Spider:2)
  3 centaur warriors
  A jorogumo (Spider:1)
  4 catoblepae
  A death knight (D:15)
  11 dancing weapons
  3 death yaks (Lair:5)
  2 tengu warriors (D:15)
  The ghost of adizb the Slicer, a novice OpBr of Ru (D:9)
  6 deep elf knights
  Amaemon (D:10)
  4 skeletal warriors (D:14)
  A death drake (shapeshifter) (D:15)
  A sixfirhy (D:10)
  5 pharaoh ants
  5 orb spiders (Spider:2)
  2 steelbarb worms
  4 deep elf archers (Elf:1)
  A lindwurm (Lair:5)
  A wizard (D:15)
  18 deep elf pyromancers
  A phantasmal warrior (D:15)
  An orc knight (Orc:2)
  6 wolf spiders
  10 ugly things
  21 deep elf zephyrmancers
  2 orc sorcerers
  3 manticores
  16 cyclopes
  A moth of wrath (Spider:2)
  2 rust devils (D:10)
  5 black mambas
  An elephant (Lair:2)
  3 gargoyles
  11 cane toads
  A torpor snail (Spider:2)
  An orange demon (D:10)
  A kobold demonologist (D:13)
  4 rime drakes
  2 unseen horrors
  3 demonic crawlers
  2 freezing wraiths
  10 komodo dragons
  2 ice devils (D:10)
  6 trolls
  A polar bear (Lair:4)
  7 tarantellas
  9 blink frogs
  Grinder (Sewer)
  10 slime creatures
  A dream sheep (Lair:5)
  3 flying skulls (Gauntlet)
  An air elemental (Elf:1)
  3 shadows
  5 wyverns
  11 jumping spiders
  12 culicivoras
  A water elemental (Elf:1)
  6 wraiths
  38 yaks
  A neqoxec (D:10)
  A vampire (D:14)
  A golden eye (shapeshifter) (D:15)
  A hog (shapeshifter) (D:13)
  3 basilisks
  2 chaos spawn (D:10)
  22 redbacks
  6 vampire mosquitoes
  A steam dragon (D:7)
  4 wargs
  3 swamp worms
  2 acid dragons (D:11)
  11 water moccasins
  3 black bears
  30 orc warriors
  An ice beast (shapeshifter) (D:14)
  3 ice beasts
  3 sky beasts
  24 wolves
  10 ogres
  13 centaurs
  4 kobold brigands
  8 nameless horrors
  11 bullfrogs
  An earth elemental (Elf:2)
  A necrophage (D:5)
  10 scorpions
  2 gnoll sergeants (D:9)
  9 killer bees
  An electric eel (D:9)
  6 howler monkeys
  2 quasits
  A hound (D:6)
  A jelly (D:6)
  11 orc priests
  Jessica (D:3)
  An iguana (D:3)
  11 orc wizards
  6 gnolls (D:9)
  A shadow imp (Sewer)
  2 white imps
  6 ufetubi
  An adder zombie (Sewer)
  2 worms
  72 orcs
  10 ball pythons
  5 bats
  6 endoplasms
  10 giant cockroaches
  7 goblins
  6 hobgoblins
  6 jackals
  4 quokkas
  2 frilled lizards (D:2)
  27 kobolds
  3 rats
  4 bushes
754 creatures vanquished.

Vanquished Creatures (others)
  A hydra (Lair:5)
  The ghost of wextippler1 the Destroyer, a journeyman DsCj of Gozag (Lair:2)
  A skeletal warrior (D:14)
  A sixfirhy (D:10)
  A bog body (Lair:3)
  A deep elf zephyrmancer (Elf:2)
  A deep elf pyromancer (Elf:1)
  2 cyclopes
  2 slime creatures
  A manticore (D:14)
  A cane toad (Lair:1)
  A komodo dragon (D:12)
  A hellwing (D:10)
  A troll (D:14)
  A hornet (D:9)
  A centaur simulacrum (D:14)
  A fire elemental (Elf:1)
  3 yaks
  A basilisk (Lair:3)
  A swamp worm (Lair:1)
  An orc warrior (D:9)
  2 wolves (Lair:2)
  An orc priest (D:3)
  46 battlemagi
  A gnoll (D:9)
  An adder zombie (Sewer)
  4 orcs
  A bat zombie (Sewer)
  An endoplasm (Sewer)
  A kobold (D:9)
  2 ancestors (D:2)
  7 demonic plants (D:10)
  51 fungi
  105 plants
  12 snaplasher vines
260 creatures vanquished.

Grand Total: 1202 creatures vanquished

Notes
Turn   | Place    | Note
-------+----------+-------------------------------------------
     0 | D:1      | croobank the Gnoll Summoner began the quest for the Orb.
     0 | D:1      | Reached XP level 1. HP: 13/13 MP: 6/6
   272 | D:1      | Reached XP level 2. HP: 19/19 MP: 4/7
   275 | D:1      | Learned a level 2 spell: Call Imp
   786 | D:1      | Reached skill level 5 in Spellcasting
   786 | D:1      | Reached XP level 3. HP: 12/25 MP: 7/9
   790 | D:1      | Learned a level 3 spell: Call Canine Familiar
  1021 | D:1      | Reached skill level 1 in Invocations
  1148 | D:1      | Found a faded altar of an unknown god.
  1444 | D:1      | Prayed at the altar of an unknown god.
  1444 | D:1      | Became a worshipper of Hepliaklqana the Forgotten
  1444 | D:1      | Reached * piety under Hepliaklqana
  1484 | D:2      | Reached skill level 1 in Fighting
  1484 | D:2      | Reached skill level 1 in Short Blades
  1484 | D:2      | Reached skill level 1 in Long Blades
  1484 | D:2      | Reached skill level 1 in Axes
  1484 | D:2      | Reached skill level 1 in Maces & Flails
  1484 | D:2      | Reached skill level 1 in Polearms
  1484 | D:2      | Reached skill level 1 in Staves
  1484 | D:2      | Reached skill level 1 in Ranged Weapons
  1484 | D:2      | Reached skill level 1 in Throwing
  1484 | D:2      | Reached skill level 1 in Armour
  1484 | D:2      | Reached skill level 1 in Shields
  1484 | D:2      | Reached skill level 1 in Unarmed Combat
  1484 | D:2      | Reached skill level 1 in Evocations
  1882 | D:2      | Reached XP level 4. HP: 25/28 MP: 11/11
  1972 | D:2      | Noticed Terence
  2024 | D:2      | Killed Terence
  2025 | D:2      | Reached skill level 1 in Conjurations
  2025 | D:2      | Reached skill level 1 in Hexes
  2025 | D:2      | Reached skill level 1 in Necromancy
  2025 | D:2      | Reached skill level 1 in Translocations
  2025 | D:2      | Reached skill level 1 in Transmutations
  2025 | D:2      | Reached skill level 1 in Fire Magic
  2025 | D:2      | Reached skill level 1 in Ice Magic
  2025 | D:2      | Reached skill level 1 in Air Magic
  2025 | D:2      | Reached skill level 1 in Earth Magic
  2025 | D:2      | Reached skill level 1 in Poison Magic
  2118 | D:2      | Reached ** piety under Hepliaklqana
  2119 | D:2      | Remembered your ancestor Arif as a battlemage
  2278 | D:3      | Found Felludiq's Jewellery Shop.
  2321 | D:3      | Learned a level 3 spell: Summon Guardian Golem
  2339 | D:3      | Reached XP level 5. HP: 25/33 MP: 9/12
  2718 | D:3      | Found a glowing drain.
  2736 | Sewer    | Entered a sewer
  2843 | Sewer    | Found a burning altar of Makhleb.
  2843 | Sewer    | Noticed a kobold brigand
  2854 | Sewer    | Learned a level 4 spell: Summon Lightning Spire
  2857 | Sewer    | Killed a kobold brigand
  2858 | Sewer    | Reached skill level 5 in Dodging
  2858 | Sewer    | Reached XP level 6. HP: 27/39 MP: 7/14
  2910 | Sewer    | Noticed Grinder
  2921 | Sewer    | Killed Grinder
  2922 | Sewer    | Reached XP level 7. HP: 23/45 MP: 12/15
  2926 | Sewer    | Reached skill level 5 in Stealth
  3337 | D:3      | Noticed Jessica
  3342 | D:3      | Killed Jessica
  4532 | D:4      | Found Fuklol's Armour Shop.
  4546 | D:4      | Bought a +0 cloak for 49 gold pieces
  5008 | D:5      | Entered Level 5 of the Dungeon
  5054 | D:5      | Reached *** piety under Hepliaklqana
  5090 | D:5      | Reached XP level 8. HP: 36/52 MP: 10/16
  6408 | D:7      | Reached **** piety under Hepliaklqana
  6422 | D:7      | Reached XP level 9. HP: 58/58 MP: 18/18
  6754 | D:7      | Found a staircase to the Ecumenical Temple.
  7145 | D:7      | Reached skill level 5 in Invocations
  7500 | D:8      | Reached skill level 5 in Fighting
  7500 | D:8      | Reached skill level 5 in Short Blades
  7500 | D:8      | Reached skill level 5 in Long Blades
  7500 | D:8      | Reached skill level 5 in Axes
  7500 | D:8      | Reached skill level 5 in Maces & Flails
  7500 | D:8      | Reached skill level 5 in Polearms
  7500 | D:8      | Reached skill level 5 in Staves
  7500 | D:8      | Reached skill level 5 in Ranged Weapons
  7500 | D:8      | Reached skill level 5 in Throwing
  7500 | D:8      | Reached skill level 5 in Armour
  7500 | D:8      | Reached skill level 5 in Shields
  7500 | D:8      | Reached skill level 5 in Unarmed Combat
  7500 | D:8      | Reached skill level 5 in Evocations
  7500 | D:8      | Reached XP level 10. HP: 36/66 MP: 12/20
  7885 | D:8      | Reached ***** piety under Hepliaklqana
  8031 | D:8      | Found Rihugit's Antique Armour Emporium.
  8034 | D:8      | Bought a glowing leather armour for 130 gold pieces
  8636 | D:9      | Found a runed translucent gate.
  8636 | D:9      | Found a runed translucent gate.
  8636 | D:9      | Found a runed translucent gate.
  8646 | D:9      | Noticed adizb's ghost (novice OpBr)
  8743 | D:9      | Paralysed by a hornet for 1 turns
  9822 | D:9      | Found a shadowy altar of Dithmenos.
  9825 | D:9      | Found a bloodstained altar of Trog.
  9889 | D:9      | Reached skill level 5 in Conjurations
  9889 | D:9      | Reached skill level 5 in Hexes
  9889 | D:9      | Reached skill level 5 in Necromancy
  9889 | D:9      | Reached skill level 5 in Translocations
  9889 | D:9      | Reached skill level 5 in Transmutations
  9889 | D:9      | Reached skill level 5 in Fire Magic
  9889 | D:9      | Reached skill level 5 in Ice Magic
  9889 | D:9      | Reached skill level 5 in Air Magic
  9889 | D:9      | Reached skill level 5 in Earth Magic
  9889 | D:9      | Reached skill level 5 in Poison Magic
 10304 | D:10     | Entered Level 10 of the Dungeon
 10360 | D:10     | Reached XP level 11. HP: 72/72 MP: 18/22
 10474 | D:10     | Found a staircase to the Lair.
 10700 | D:10     | Found a staircase to the Orcish Mines.
 10718 | D:10     | Noticed a sixfirhy
 10724 | D:10     | Killed a sixfirhy
 11020 | D:10     | Noticed Amaemon
 11034 | D:10     | Killed Amaemon
 11637 | D:10     | Found a radiant altar of Vehumet.
 11806 | D:10     | Noticed a sun demon
 11822 | D:10     | Learned a level 5 spell: Borgnjor's Vile Clutch
 11824 | D:10     | Killed a sun demon
 12144 | D:10     | Noticed a sixfirhy
 12161 | D:10     | Killed a sixfirhy
 12162 | D:10     | Reached XP level 12. HP: 43/81 MP: 24/24
 12294 | D:10     | Gained mutation: Your spells are a little easier to cast,
                  | but a little less powerful. [a neqoxec]
 12313 | D:10     | Lost mutation: Your spells are a little easier to cast, but
                  | a little less powerful. [potion of mutation]
 12313 | D:10     | Gained mutation: You have a pair of small antennae on your
                  | head. [potion of mutation]
 12313 | D:10     | Gained mutation: You expend magic power (3 MP) to
                  | strengthen your wands. [potion of mutation]
 12313 | D:10     | Gained mutation: Your flesh is heat resistant. (rF+)
                  | [potion of mutation]
 12531 | D:10     | Noticed a two-headed ogre
 12539 | D:10     | Killed a two-headed ogre
 12708 | D:11     | You are sucked into a shaft and drop 3 floors!
 12772 | D:14     | Noticed a centaur warrior
 13015 | D:13     | Noticed a two-headed ogre
 13028 | D:13     | Killed a two-headed ogre
 13089 | D:12     | Noticed an eight-headed hydra
 13089 | D:12     | Noticed a seven-headed hydra
 13096 | D:12     | Killed an eight-headed hydra
 13097 | D:12     | Killed a seven-headed hydra
 14246 | D:11     | Found a portal to a secret trove of treasure.
 14345 | D:11     | Identified a scroll of acquirement
 14346 | D:11     | Acquired the Dissertation on Destructive Assembling
 14354 | D:11     | Learned a level 5 spell: Summon Forest
 15846 | D:12     | Reached XP level 13. HP: 65/88 MP: 20/26
 15989 | D:13     | Reached ****** piety under Hepliaklqana
 16008 | D:13     | Reached skill level 10 in Summonings
 16098 | D:13     | Found a runed translucent door.
 16618 | D:13     | Noticed Mickster's ghost (journeyman HOBe)
 16904 | Lair:1   | Entered Level 1 of the Lair of Beasts
 17255 | Lair:1   | Reached skill level 10 in Spellcasting
 17888 | Lair:2   | Found a gate leading to a gauntlet.
 17961 | Lair:2   | Noticed a dire elephant
 17974 | Lair:2   | Killed a dire elephant
 17975 | Lair:2   | Reached skill level 10 in Dodging
 18051 | Gauntlet | Entered a Gauntlet
 18051 | Gauntlet | Found a transporter.
 18091 | Gauntlet | Found a transporter.
 18093 | Gauntlet | Found a transporter.
 18093 | Gauntlet | Noticed a quicksilver ooze
 18109 | Gauntlet | Found a transporter.
 18120 | Gauntlet | Found a transporter.
 18140 | Gauntlet | Found a transporter.
 18143 | Gauntlet | Found a transporter.
 18147 | Gauntlet | Found a transporter.
 18177 | Gauntlet | Found a transporter.
 18178 | Gauntlet | Found a runed translucent door.
 18180 | Gauntlet | Found a transporter.
 18183 | Gauntlet | Found a transporter.
 18193 | Gauntlet | Found a transporter.
 18417 | Gauntlet | Killed a quicksilver ooze
 18532 | Gauntlet | Identified the +11 hand axe of Ruination {spect, Int+2
                  | Dex+3 Stlth+}
 18532 | Gauntlet | Identified the ring "Kajid" {Wiz Will+}
 18532 | Gauntlet | Noticed a minotaur
 18548 | Gauntlet | Killed a minotaur
 18549 | Gauntlet | Reached skill level 10 in Stealth
 18582 | Gauntlet | Identified the +8 short sword of Elollomn {vorpal, Will+
                  | Stlth+}
 18717 | Lair:2   | Found a hole to the Spider Nest.
 18770 | Lair:2   | Reached skill level 10 in Invocations
 18770 | Lair:2   | Reached XP level 14. HP: 51/97 MP: 25/28
 18883 | Lair:2   | You fall into a shaft and drop 2 floors!
 19227 | Lair:2   | Found a runed translucent gate.
 19227 | Lair:2   | Found a runed translucent gate.
 19227 | Lair:2   | Found a runed translucent gate.
 19227 | Lair:2   | Noticed wextippler1's ghost (journeyman DsCj)
 19252 | Lair:2   | Killed wextippler1's ghost
 21185 | Lair:3   | Found a staircase to the Swamp.
 21267 | Lair:4   | Learned a level 7 spell: Monstrous Menagerie
 21488 | Lair:4   | Identified the +1 whip of Boirph {holy, rPois rC+ Will-
                  | Dex+4}
 21615 | Lair:4   | Found a staircase to the Slime Pits.
 21627 | Lair:4   | Found a viscous altar of Jiyva.
 21712 | Lair:4   | Noticed Rupert
 21733 | Lair:4   | Killed Rupert
 21944 | Lair:5   | Entered Level 5 of the Lair of Beasts
 22100 | Lair:5   | Reached skill level 10 in Fighting
 22100 | Lair:5   | Reached skill level 10 in Short Blades
 22100 | Lair:5   | Reached skill level 10 in Long Blades
 22100 | Lair:5   | Reached skill level 10 in Axes
 22100 | Lair:5   | Reached skill level 10 in Maces & Flails
 22100 | Lair:5   | Reached skill level 10 in Polearms
 22100 | Lair:5   | Reached skill level 10 in Staves
 22100 | Lair:5   | Reached skill level 10 in Ranged Weapons
 22100 | Lair:5   | Reached skill level 10 in Throwing
 22100 | Lair:5   | Reached skill level 10 in Armour
 22100 | Lair:5   | Reached skill level 10 in Shields
 22100 | Lair:5   | Reached skill level 10 in Unarmed Combat
 22100 | Lair:5   | Reached skill level 10 in Evocations
 22316 | Lair:5   | Reached XP level 15. HP: 103/103 MP: 23/30
 23556 | D:9      | Killed adizb's ghost
 23990 | D:13     | Killed Mickster's ghost
 25290 | Orc:1    | Entered Level 1 of the Orcish Mines
 25666 | Orc:1    | Found a runed translucent gate.
 25666 | Orc:1    | Found a runed translucent gate.
 25674 | Orc:1    | Found a runed translucent gate.
 25679 | Orc:1    | Noticed wingedge's ghost (journeyman DgWn)
 26065 | Orc:1    | Noticed a frost giant
 26077 | Orc:1    | Killed a frost giant
 26115 | Orc:1    | Got Waoliy's Codex of the Dead and the Zephyr
 26130 | Orc:1    | Identified the +6 spear "Ontacval" {flame, Dex+4}
 26132 | Orc:1    | Identified the +8 hand axe of Weguoce {venom, rC+ Str-5
                  | Dex+2}
 26133 | Orc:1    | Identified the +4 short sword of Meet {pain, Int+2 Dex+4}
 26135 | Orc:1    | Identified the +8 spear "Wokk" {vorpal, rElec Int+3}
 26136 | Orc:1    | Identified the +2 hand axe of Osoef {venom, rF++ Will- SInv
                  | Stlth+}
 26426 | Orc:2    | Entered Level 2 of the Orcish Mines
 26460 | Orc:2    | Noticed an orc warlord
 26472 | Orc:2    | Killed an orc warlord
 26516 | Orc:2    | Found a staircase to the Elven Halls.
 26570 | Orc:2    | Reached XP level 16. HP: 103/111 MP: 21/32
 26875 | Orc:2    | Found Cura's Antique Weapon Boutique.
 26875 | Orc:2    | Found Nyfowen's Assorted Antiques.
 26877 | Orc:2    | Found Falud's Assorted Antiques.
 26879 | Orc:2    | Found Hoahel's Weapon Shop.
 26884 | Orc:2    | Bought a knobbly glass ring for 145 gold pieces
 26888 | Orc:2    | Bought a scroll labelled DUAGHYUCRU for 28 gold pieces
 26932 | Orc:2    | Found Jesip's Antique Armour Shop.
 26969 | Orc:2    | Bought a faintly humming troll leather armour for 660 gold
                  | pieces
 26969 | Orc:2    | Identified the +3 troll leather armour of Space {rPois rF+
                  | Regen+} (You bought it in a shop on level 2 of the Orcish
                  | Mines)
 27687 | D:14     | Found a gate to the Vaults.
 28060 | D:15     | Entered Level 15 of the Dungeon
 28628 | D:15     | Found a hide-covered altar of Uskayaw.
 28773 | D:15     | Found a staircase to the Depths.
 29247 | Lair:2   | Learned a level 6 spell: Summon Cactus Giant
 29248 | Spider:1 | Entered Level 1 of the Spider Nest
 29922 | Spider:1 | Identified the +5 short sword of Conformity {freeze,
                  | Stlth+}
 30469 | Spider:2 | Reached XP level 17. HP: 51/119 MP: 20/33
 30755 | Spider:2 | Noticed Louise
 30782 | Spider:2 | Killed Louise
 30783 | Spider:2 | Reached skill level 10 in Conjurations
 30783 | Spider:2 | Reached skill level 10 in Hexes
 30783 | Spider:2 | Reached skill level 10 in Necromancy
 30783 | Spider:2 | Reached skill level 10 in Translocations
 30783 | Spider:2 | Reached skill level 10 in Transmutations
 30783 | Spider:2 | Reached skill level 10 in Fire Magic
 30783 | Spider:2 | Reached skill level 10 in Ice Magic
 30783 | Spider:2 | Reached skill level 10 in Air Magic
 30783 | Spider:2 | Reached skill level 10 in Earth Magic
 30783 | Spider:2 | Reached skill level 10 in Poison Magic
 30830 | Spider:2 | Noticed Arachne
 30839 | Spider:2 | Learned a level 5 spell: Summon Mana Viper
 30866 | Spider:2 | Killed Arachne
 31347 | Spider:3 | Noticed Mara
 31563 | Spider:3 | Noticed croobank's illusion
 31652 | Spider:3 | Noticed croobank's illusion
 31875 | Spider:3 | Noticed croobank's illusion
 31894 | Spider:3 | Killed Mara
 32829 | Spider:4 | Entered Level 4 of the Spider Nest
 33126 | Spider:4 | Found a transporter.
 33457 | Elf:1    | Entered Level 1 of the Elven Halls
 33735 | Elf:1    | Identified the +3 ring mail "Fyann" {Str+5}
 34002 | Elf:1    | Identified the +1 robe "Bulat" {Harm Dex-3 SInv}
 34008 | Elf:1    | Paralysed by an air elemental for 1 turns
 34019 | Elf:1    | Got the Encyclopedia of the Retinue
 34083 | Elf:1    | Found a radiant altar of Vehumet.
 34555 | Elf:2    | Reached XP level 18. HP: 113/126 MP: 26/35
 34789 | Elf:2    | Found an ancient bone altar of Kikubaaqudgha.
 35204 | Elf:2    | Found a runed translucent gate.
 35205 | Elf:2    | Found a runed translucent gate.
 35205 | Elf:2    | Found a runed translucent gate.
 35324 | Elf:2    | Noticed a deep elf blademaster
 35362 | Elf:2    | HP: 5/127 [+2 glaive of freezing (17)]
 35362 | Elf:2    | Slain by a +2 glaive of freezing

Illustrated notes

Levels and vault maps discovered:
D:1:      lightli_arrival_statuegarden, layout_basic,
          hellmonk_ecumenical_altar_prayer_group, minmay_pentomino_p2
D:2:      layout_rooms, nicolae_concentric_dashed_squares_mild,
          grunt_decor_mini_mirrors, corexii_shack, uniq_terence
D:3:      layout_loops_ring, portal_sewer_entry_f, serial_shops,
          nicolae_shop_advertising_works [nicolae_subvault_shop_adworks],
          st_stairs_14, uniq_jessica
D:4:      layout_basic, serial_shops, nicolae_lakefront_shop
D:5:      layout_rooms, feat_on_display
D:6:      layout_cave_pods, wad_floor_pattern_1
D:7:      layout_basic, minmay_temple_entry_large_hall
D:8:      layout_gridville, serial_shops, nicolae_shop_crystal,
          grunt_ministairs_3
D:9:      layout_roguey, nicolae_overflow_squiral, gammafunk_ghost_spectres,
          serial_co_window_serial, co_window_of_opportunity_a,
          co_window_corner_a, co_window_corner_a, co_window_corner_a,
          co_window_paths_a, co_window_corner_cb, co_window_paths_c,
          co_window_paths_c, co_window_corner_b, co_window_sun, glass_columns_a,
          special_room [special_room_orc]
D:10:     layout_stronghold, vehumet_crystals, grunt_lair_entry_orc_guard_hut,
          hiddenorc1_lemuel, serial_demonic, serial_demonic_g, serial_demonic_c,
          serial_demonic_e, serial_demonic_e, serial_demonic_g,
          serial_demonic_e, serial_demonic_b, serial_demonic_e, uniq_amaemon
D:11:     layout_irregular_city, enter_trove_6
D:12:     layout_roguey, special_room [special_room_orc]
D:13:     layout_gridville, hellmonk_ghost_happy_afterlife,
          nicolae_straight_to_the_point
D:14:     layout_basic, skrybe_vaults_entry_preservation,
          nicolae_figureground_pulse
D:15:     grunt_enter_depths_giant_problem, layout_small_grid,
          nicolae_uskayaw_murder_on_the_dancefloor
Lair:1:   layout_gridlike, chequers_serial_rivers_micro_e, worms_lemuel,
          serial_bayou_shore_b
Lair:2:   layout_regular_city, nicolae_spider_entry_non_spiders,
          ebering_ghost_rock_garden, gauntlet_entry_generic,
          nicolae_lair_grazing_beasts [nicolae_sub_lair_graze_edge,
          nicolae_sub_lair_graze_edge, nicolae_sub_lair_graze_edge,
          nicolae_sub_lair_graze_edge], serial_bayou_shore_b, lemuel_fruit_tree
Lair:3:   layout_long_grid, nicolae_swamp_entry_splash_gauntlet
Lair:4:   layout_loops_ring, slime_entry_1, ldierk_geyser, grunt_megastairs_4,
          uniq_rupert
Lair:5:   hangedman_lair_in_review, layout_small_grid, st_stairs_13,
          lookout_lair_type, mumra_transporter_accident, serial_bayou_shore_a
Spider:1: layout_cave_pods, nicolae_spider_paper_wasps
Spider:2: layout_spider_delve, nicolae_orb_island, uniq_louise, uniq_arachne
Spider:3: layout_spider_delve, uniq_mara
Spider:4: spider_rune_water, nzn_ghost_randoct, uniq_nikola, uniq_kirke
Orc:1:    giant_chief_lemuel, layout_diamond_mine, gammafunk_ghost_necromancy,
          nicolae_orc_flooded_monolith, nicolae_orc_pool_cavern
Orc:2:    st_orc_rangers, layout_caves, serial_shops, shop
Elf:1:    minmay_elf_arrival_circle, layout_geoelf_diagonals, basic_altar,
          minmay_elf_demonology, grunt_megastairs_3
Elf:2:    nicolae_elf_blades_crystal_corner, layout_loops_cross, basic_altar,
          grunt_ministairs_8

Skill      XL: |  1  2  3  4  5  6  7  8  9 10 11 12 13 14 15 16 17 |
---------------+----------------------------------------------------+-----
Spellcasting   | 5 6 7 8 9 10 11 12 13 | 13.6
Invocations    | 1 2 3 4 5 6 7 8 10 11 12 13 | 13.8
Fighting       | 1 2 3 5 6 7 8 9 10 11 12 | 12.7
Short Blades   | 1 2 3 5 6 7 8 9 10 11 12 | 12.7
Long Blades    | 1 2 3 5 6 7 8 9 10 11 12 | 12.7
Axes           | 1 2 3 5 6 7 8 9 10 11 12 | 12.7
Maces & Flails | 1 2 3 5 6 7 8 9 10 11 12 | 12.7
Polearms       | 1 2 3 5 6 7 8 9 10 11 12 | 12.7
Staves         | 1 2 3 5 6 7 8 9 10 11 12 | 12.7
Ranged Weapons | 1 2 3 5 6 7 8 9 10 11 12 | 12.7
Throwing       | 1 2 3 5 6 7 8 9 10 11 12 | 12.7
Armour         | 1 2 3 5 6 7 8 9 10 11 12 | 12.7
Shields        | 1 2 3 5 6 7 8 9 10 11 12 | 12.7
Unarmed Combat | 1 2 3 5 6 7 8 9 10 11 12 | 12.7
Evocations     | 1 2 3 5 6 7 8 9 10 11 12 | 12.7
Conjurations   | 1 2 3 4 5 6 7 8 9 10 | 10.7
Hexes          | 1 2 3 4 5 6 7 8 9 10 | 10.7
Necromancy     | 1 2 3 4 5 6 7 8 9 10 | 10.7
Translocations | 1 2 3 4 5 6 7 8 9 10 | 10.7
Transmutations | 1 2 3 4 5 6 7 8 9 10 | 10.7
Fire Magic     | 1 2 3 4 5 6 7 8 9 10 | 10.7
Ice Magic      | 1 2 3 4 5 6 7 8 9 10 | 10.7
Air Magic      | 1 2 3 4 5 6 7 8 9 10 | 10.7
Earth Magic    | 1 2 3 4 5 6 7 8 9 10 | 10.7
Poison Magic   | 1 2 3 4 5 6 7 8 9 10 | 10.7
Dodging        | 5 6 7 8 9 10 11 12 13 | 13.4
Stealth        | 5 6 7 8 9 10 11 12 13 | 13.3
Summonings     | 8 9 10 11 12 | 12.8

Action                   |  1- 3 |  4- 6 |  7- 9 | 10-12 | 13-15 | 16-18 || total
-------------------------+-------+-------+-------+-------+-------+-------++-------
Melee: Unarmed           |     1 |       |       |       |       |       ||     1
       Short sword       |     6 |       |       |       |       |       ||     6
       Dagger            |    22 |    39 |    34 |    68 |    39 |       ||   202
       Bite              |     2 |     6 |     2 |    11 |    33 |    46 ||   100
       Punch             |       |       |       |     2 |    15 |     1 ||    18
       Demon whip        |       |       |       |     9 |    32 |       ||    41
       Hand axe          |       |       |       |       |   134 |   108 ||   242
       Spear             |       |       |       |       |       |   167 ||   167
 Cast: Summon Small Mamm |    29 |    10 |    32 |    45 |    42 |       ||   158
       Call Imp          |     7 |     5 |    10 |    26 |    19 |       ||    67
       Call Canine Famil |     4 |     9 |    16 |    53 |    46 |    10 ||   138
       Summon Guardian G |       |     3 |    10 |    43 |    54 |    10 ||   120
       Summon Lightning  |       |     3 |     7 |    61 |    86 |    26 ||   183
       Borgnjor's Vile C |       |       |       |     1 |       |     2 ||     3
       Summon Forest     |       |       |       |     3 |    62 |    44 ||   109
       Monstrous Menager |       |       |       |       |    10 |    77 ||    87
       Summon Cactus Gia |       |       |       |       |       |    26 ||    26
       Summon Mana Viper |       |       |       |       |       |    26 ||    26
Invok: Ancestor Life: Ba |       |     1 |       |       |       |       ||     1
       Recall Ancestor   |       |     1 |       |     3 |     2 |     2 ||     8
       Idealise          |       |       |       |     2 |       |       ||     2
Evoke: Wand              |       |       |       |     4 |     2 |       ||     6
  Use: Potion            |     1 |     2 |       |     1 |     4 |     6 ||    14
       Scroll            |       |     8 |    15 |     5 |     9 |     8 ||    45
 Stab: Sleeping          |     6 |       |       |     2 |     1 |     3 ||    12
       Distracted        |       |       |       |     1 |     9 |    11 ||    21
Armor: Robe              |     7 |     9 |     1 |       |       |       ||    17
       Leather armour    |       |       |     3 |       |       |       ||     3
       Steam dragon scal |       |       |     6 |    24 |       |       ||    30
       Troll leather arm |       |       |       |    11 |    64 |    63 ||   138
Dodge: Dodged            |    45 |    45 |    33 |    67 |   192 |   167 ||   549
Block: Buckler           |       |       |       |       |       |    68 ||    68
